 Dungeon Crawl Stone Soup version 0.31-a0-971-g75a2e9a4b4 (webtiles) character file.

Game seed: 2912880498821508713

9 Azuregosa the Sneak (level 2, -5/21 HPs)
             Began as an Octopode Delver on Oct 28, 2023.
             Slain by a sleepcap (7 damage)
             ... on level 5 of the Dungeon.
             The game lasted 00:01:34 (109 turns).

Azuregosa the Sneak (Octopode Delver)                Turns: 109, Time: 00:01:35

Health: -5/21      AC:  1    Str: 11    XL:     2   Next: 16%
Magic:  2/2        EV: 13    Int: 12    God:
Gold:   6          SH:  0    Dex: 13    Spells: 1/1 levels left

rFire   . . .        a - +0 falchion
rCold   . . .        (no shield)
rNeg    . . .        (helmet restricted)
rPois   .            (no amulet)
rElec   .            (no ring)
rCorr   .            (no ring)
SInv    .            (no ring)
Will    .....        (no ring)
Stlth   ++++         (no ring)
HPRegen 0.23/turn    (no ring)
MPRegen 0.08/turn    (no ring)
                     (no ring)

%: no passive effects
@: no status effects
A: almost no armour, amphibious, 8 rings, camouflage 1, gelatinous body 1,
(nimble swimmer 1), tentacles
a: no special abilities


You were on level 5 of the Dungeon.
You visited 1 branch of the dungeon, and saw 1 of its levels.

You collected 6 gold pieces.

Inventory:

Hand Weapons
 a - a +0 falchion (weapon)
Magical Staves
 c - a staff of fire
Wands
 f - a wand of digging (3)
Scrolls
 b - a scroll of fog
Potions
 e - a potion of haste


   Skills:
 + Level 3.3 Fighting
 + Level 2.4 Long Blades
 - Level 2.0 Dodging
 - Level 6.6 Stealth


You had one spell level left.
You didn't know any spells.
Your spell library was empty.

Dungeon Overview and Level Annotations

Branches:
Dungeon (5/15)             Temple (0/1) D:5

Altars:

Annotations:
D:5 Ijyb


Innate Abilities, Weirdness & Mutations

You cannot wear most types of armour.
You are amphibious.
You can wear up to eight rings at the same time.
Your skin changes colour to match your surroundings (Stealth+).
Your rubbery body absorbs attacks. (AC +1, EV +1)
((You are camouflaged when in or above water. (Stealth+)))
You have tentacles for arms and can constrict up to eight enemies at once.


Message History

The adder is moderately wounded.
The adder bites you.
You are poisoned.
The adder poisons you! The sleepcap releases spores at you.
You are engulfed in a cloud of soporific spores!
You fall asleep.
You feel sick. The adder bites you!
You wake up.
* * * LOW HITPOINT WARNING * * *
You are lethally poisoned!
The adder poisons you! The sleepcap misses you.
As you read the scroll of fear, it crumbles to dust.
You assume a fearsome visage.
The sleepcap is unaffected.
The adder looks frightened!
* * * LOW HITPOINT WARNING * * *
You feel sick. The sleepcap releases spores at you.
* * * LOW HITPOINT WARNING * * *
You are engulfed in a cloud of soporific spores!
You are unaffected.
It was a potion of heal wounds.
You feel much better.
You feel sick. The sleepcap releases spores at you.
You are engulfed in a cloud of soporific spores!
You are unaffected.
You feel sick. The sleepcap releases spores at you.
You are engulfed in a cloud of soporific spores!
You are unaffected.
You feel sick. The sleepcap attacks as it pursues you!
The sleepcap barely misses you.
You feel sick.
You feel sick. The sleepcap attacks as it pursues you!
The sleepcap releases spores at you.
You are engulfed in a cloud of soporific spores!
You fall asleep.
You feel sick.
You are no longer poisoned.
The sleepcap releases spores at you.
You wake up.
* * * LOW HITPOINT WARNING * * *
You are engulfed in a cloud of soporific spores!
You are unaffected.
The sleepcap attacks as it pursues you! The sleepcap releases spores at you!
You die...

,**,* #.#####.#.#
,**,* #<........#
,**,* #######.###
,**,** ###.# ,,,<,*
#...# ,,,,,* #.###
,,*,,* #######.#
,,,,,* ###.....#†#
,,,,,* #...###f@.#
**,*,* #.⌠.# ###.#
,,,*,####...#####.#
***,,#.........##.#
* **...⌠..S?.⌠.##.#
****.#.........##.#
*,,,,####...#####.#
*,,,,* #.⌠.# #.#
,,,,,* #S..# #.#


You could see a sleepcap.

Vanquished Creatures
  An adder (D:5)
1 creature vanquished.

Notes
Turn   | Place    | Note
-------+----------+-------------------------------------------
     0 | D:5      | Azuregosa the Octopode Delver began the quest for the Orb.
     0 | D:5      | Reached XP level 1. HP: 16/16 MP: 1/1
     4 | D:5      | Noticed Ijyb
    59 | D:5      | Reached XP level 2. HP: 15/21 MP: 2/2
    90 | D:5      | Found a staircase to the Ecumenical Temple.
   105 | D:5      | HP: 1/21 [sleepcap (6)]
   109 | D:5      | Slain by a sleepcap

Illustrated notes

Levels and vault maps discovered:
D:5:      layout_loops_ring, elyvilon_altar_1, minmay_temple_entry_junction,
          uniq_ijyb

Action                     || total
---------------------------++-------
  Melee: Falchion          ||     5
         Constrict         ||     1
         Tentacles         ||     1
    Use: Scroll            ||     2
         Potion            ||     1
   Stab: Sleeping          ||     1
 Armour: Skin              ||    11
  Dodge: Dodged            ||     5

Table legend: (Time is in decaauts)
 A = Elapsed time spent in this place.
 B = Non-inter-level travel time spent in this place.
 C = Inter-level travel time spent in this place.
 D = Time resting spent in this place.
 E = Time spent auto-exploring this place.
 F = Levels seen in this place.
 G = Mean time per level.
                   A        B        C        D        E       F      G
               +--------+--------+--------+--------+--------+-----+--------+
         Total |    110 |    110 |      0 |     23 |      4 |   1 |  110.0 |
       Dungeon |    110 |    110 |      0 |     23 |      4 |   1 |  110.0 |
               +--------+--------+--------+--------+--------+-----+--------+

Top non-repeatable levels by time:
     D:5: 110 daAuts
